TOP OF THE 1ST |
Mississippi State University Bulldogs batting - Pitching for University of Alabama Crimson Tide : RHP Mike Sisson
|
Pitching: RHP Mike Sisson
|
|
Batting: RHB Freddie Kite
|
0-0: Foul Ball, location: 2F 0-1: Called Strike 0-2: Ball 1-2: Ball 2-2: Strikes out swinging
|
Batting: RHB Cody Ammann
|
0-0: Ball 1-0: Ball 2-0: DOUBLE (Line Drive, 3D, EV 99.4 MPH)
|
Batting: RHB Benito Gonzales
|
0-0: Called Strike 0-1: Ball 1-1: Swinging Strike 1-2: Ball 2-2: Strikes out swinging
|
Batting: RHB Masahito Sunada
|
0-0: Swinging Strike 0-1: Ball 1-1: Ground out 3-1 (Groundball, 34S, EV 92.5 MPH)
|
Top of the 1st over - 0 runs, 1 hit, 0 errors, 1 left on base; Mississippi State University 0 - University of Alabama 0 |
BOTTOM OF THE 1ST |
University of Alabama Crimson Tide batting - Pitching for Mississippi State University Bulldogs : RHP Gary Gamble
|
Pitching: RHP Gary Gamble
|
|
Batting: LHB Danny Schultz
|
0-0: Called Strike 0-1: Foul Ball, location: 2F 0-2: Ball 1-2: Foul Ball, location: 2F 1-2: DOUBLE (Flyball, 8LD, EV 85.6 MPH)
|
Batting: RHB B.J. Clark
|
0-0: Called Strike Danny Schultz steals 3rd base 0-1: Swinging Strike 0-2: Ball 1-2: Strikes out looking
|
Batting: RHB Matt Williams
|
0-0: Ball 1-0: Foul Ball, location: 2F 1-1: Swinging Strike 1-2: Ball 2-2: Strikes out looking
|
Batting: LHB Yu-shu Ni
|
0-0: Foul Ball, location: 2F 0-1: Swinging Strike 0-2: Ball 1-2: Ball 2-2: Fly out, F9 (Flyball, 9D, EV 81.9 MPH)
|
Bottom of the 1st over - 0 runs, 1 hit, 0 errors, 1 left on base; Mississippi State University 0 - University of Alabama 0 |
TOP OF THE 2ND |
Mississippi State University Bulldogs batting - Pitching for University of Alabama Crimson Tide : RHP Mike Sisson
|
Batting: RHB Logan Strassburg
|
0-0: Called Strike 0-1: Called Strike 0-2: Strikes out looking
|
Batting: RHB Oscar Vargas
|
0-0: Called Strike 0-1: Ground out 1-3 (Groundball, 34S, EV 71.9 MPH)
|
Batting: LHB Ricardo Ramos
|
0-0: Called Strike 0-1: Called Strike 0-2: Ball 1-2: Strikes out looking
|
Top of the 2nd over - 0 runs, 0 hits, 0 errors, 0 left on base; Mississippi State University 0 - University of Alabama 0 |
BOTTOM OF THE 2ND |
University of Alabama Crimson Tide batting - Pitching for Mississippi State University Bulldogs : RHP Gary Gamble
|
Batting: RHB Hughie Withers
|
0-0: Called Strike 0-1: Called Strike 0-2: Strikes out swinging
|
Batting: LHB Platon Protopsaltis
|
0-0: Ball 1-0: Called Strike 1-1: Ball 2-1: Ball 3-1: Fly out, F8 (Flyball, 8RS, EV 91.2 MPH)
|
Batting: LHB Robby Ramires
|
0-0: Ball 1-0: Ball 2-0: Called Strike 2-1: Called Strike 2-2: Fly out, F9 (Flyball, 9D, EV 107.5 MPH)
|
Bottom of the 2nd over - 0 runs, 0 hits, 0 errors, 0 left on base; Mississippi State University 0 - University of Alabama 0 |
TOP OF THE 3RD |
Mississippi State University Bulldogs batting - Pitching for University of Alabama Crimson Tide : RHP Mike Sisson
|
Batting: RHB Eric Riley
|
0-0: Ball 1-0: Called Strike 1-1: Fly out, F9 (Line Drive, 89M, EV 98.1 MPH)
|
Batting: RHB Karl Lukasiewicz
|
0-0: Ball 1-0: Foul Ball, location: 2F 1-1: Called Strike 1-2: SINGLE (Groundball, 34D, EV 106.2 MPH)
|
Batting: RHB Freddie Kite
|
0-0: Ball 1-0: Ball 2-0: Swinging Strike 2-1: Foul Ball, location: 2F 2-2: Foul Ball, location: 2F 2-2: Ball 3-2: Strikes out swinging
|
Batting: RHB Cody Ammann
|
0-0: Ball 1-0: Foul Ball, location: 2F 1-1: Foul Ball, location: 2F 1-2: Foul Ball, location: 2F 1-2: Ball 2-2: Foul Ball, location: 2F 2-2: Strikes out swinging
|
Top of the 3rd over - 0 runs, 1 hit, 0 errors, 1 left on base; Mississippi State University 0 - University of Alabama 0 |
BOTTOM OF THE 3RD |
University of Alabama Crimson Tide batting - Pitching for Mississippi State University Bulldogs : RHP Gary Gamble
|
Batting: RHB Larry Brown
|
0-0: Ball 1-0: Called Strike 1-1: Ball 2-1: Swinging Strike 2-2: Fly out, F8 (Line Drive, 8RD, EV 93.8 MPH)
|
Batting: RHB Gustavo Delgado
|
0-0: Fly out, F5 (Line Drive, 56, EV 67.5 MPH)
|
Batting: LHB Danny Schultz
|
0-0: Called Strike 0-1: Ball 1-1: Ball 2-1: SINGLE (Line Drive, 4D, EV 103.8 MPH)
|
Batting: RHB B.J. Clark
|
0-0: Called Strike Danny Schultz steals 2nd base (no throw) 0-1: Fly out, F7 (Flyball, 7, EV 76.9 MPH)
|
Bottom of the 3rd over - 0 runs, 1 hit, 0 errors, 1 left on base; Mississippi State University 0 - University of Alabama 0 |
TOP OF THE 4TH |
Mississippi State University Bulldogs batting - Pitching for University of Alabama Crimson Tide : RHP Mike Sisson
|
Batting: RHB Benito Gonzales
|
0-0: Ball 1-0: Fly out, F4 (Line Drive, 34, EV 66.2 MPH)
|
Batting: RHB Masahito Sunada
|
0-0: Foul Ball, location: 2F 0-1: Called Strike 0-2: Strikes out swinging
|
Batting: RHB Logan Strassburg
|
0-0: Ball 1-0: Ball 2-0: Swinging Strike 2-1: Foul Ball, location: 2F 2-2: Strikes out swinging
|
Top of the 4th over - 0 runs, 0 hits, 0 errors, 0 left on base; Mississippi State University 0 - University of Alabama 0 |
BOTTOM OF THE 4TH |
University of Alabama Crimson Tide batting - Pitching for Mississippi State University Bulldogs : RHP Gary Gamble
|
Batting: RHB Matt Williams
|
0-0: Ball 1-0: Ground out 5-3 (Groundball, 56, EV 104.4 MPH)
|
Batting: LHB Yu-shu Ni
|
0-0: Foul Ball, location: 2F 0-1: Ball 1-1: Ball 2-1: Ball 3-1: DOUBLE (Line Drive, 9LM, EV 107.5 MPH)
|
Batting: RHB Hughie Withers
|
0-0: Ball 1-0: Ball 2-0: Called Strike 2-1: Foul Ball, location: 2F 2-2: Foul Ball, location: 2F 2-2: Strikes out swinging
|
Batting: LHB Platon Protopsaltis
|
0-0: Ball 1-0: Foul Ball, location: 2F 1-1: Swinging Strike 1-2: Foul Ball, location: 2F 1-2: Ball 2-2: Foul Ball, location: 2F 2-2: Strikes out looking
|
Bottom of the 4th over - 0 runs, 1 hit, 0 errors, 1 left on base; Mississippi State University 0 - University of Alabama 0 |
TOP OF THE 5TH |
Mississippi State University Bulldogs batting - Pitching for University of Alabama Crimson Tide : RHP Mike Sisson
|
Now at 2B: Jong-your Lee
|
|
Now in CF: Joe Blackwood
|
|
Batting: RHB Oscar Vargas
|
0-0: Ball 1-0: Ball 2-0: Called Strike 2-1: Called Strike 2-2: DOUBLE (Line Drive, 78D, EV 103.8 MPH)
|
Batting: LHB Ricardo Ramos
|
0-0: Called Strike 0-1: Foul Ball, location: 2F 0-2: Foul Ball, location: 2F 0-2: Ball 1-2: Foul Ball, location: 2F 1-2: Ball 2-2: Strikes out swinging
|
Batting: RHB Eric Riley
|
0-0: Fly out, F9 (Line Drive, 9LM, EV 88.1 MPH)
|
Batting: RHB Karl Lukasiewicz
|
0-0: Fly out, F8 (Flyball, 8RM, EV 85.0 MPH)
|
Top of the 5th over - 0 runs, 1 hit, 0 errors, 1 left on base; Mississippi State University 0 - University of Alabama 0 |
BOTTOM OF THE 5TH |
University of Alabama Crimson Tide batting - Pitching for Mississippi State University Bulldogs : RHP Gary Gamble
|
Pitching: RHP Sa'ng Dai
|
|
Now in LF: Vinnie Kalman
|
|
Batting: LHB Robby Ramires
|
0-0: Fly out, F8 (Line Drive, 8RD, EV 85.6 MPH)
|
Batting: RHB Larry Brown
|
0-0: Foul Ball, location: 2F 0-1: Ball 1-1: Ball 2-1: Swinging Strike 2-2: Strikes out looking
|
Batting: RHB Gustavo Delgado
|
0-0: SINGLE (Line Drive, 8LS, EV 90.0 MPH)
|
Batting: LHB Danny Schultz
|
0-0: Called Strike 0-1: Ball 1-1: Foul Ball, location: 2F 1-2: Fielders Choice at 2nd, 5-4 (Groundball, 5, EV 100.6 MPH)
|
Bottom of the 5th over - 0 runs, 1 hit, 0 errors, 1 left on base; Mississippi State University 0 - University of Alabama 0 |
TOP OF THE 6TH |
Mississippi State University Bulldogs batting - Pitching for University of Alabama Crimson Tide : RHP Mike Sisson
|
Pitching: RHP Dave Bellah
|
|
Pinch Hitting: RHB Jun Qing
|
0-0: Ball 1-0: Ball 2-0: Ball 3-0: Called Strike 3-1: Base on Balls
|
Pinch Hitting: LHB Danny Shanahan
|
0-0: Ball Jun Qing is caught stealing 2nd base 2-6 1-0: Called Strike 1-1: Ground out 2-3 (Groundball, 2R, EV 73.1 MPH)
|
Pinch Hitting: RHB Bill Petipas
|
0-0: Ball 1-0: Called Strike 1-1: Foul Ball, location: 2F 1-2: Foul Ball, location: 2F 1-2: Fly out, F9 (Line Drive, 9D, EV 95.6 MPH)
|
Top of the 6th over - 0 runs, 0 hits, 0 errors, 0 left on base; Mississippi State University 0 - University of Alabama 0 |
BOTTOM OF THE 6TH |
University of Alabama Crimson Tide batting - Pitching for Mississippi State University Bulldogs : RHP Sa'ng Dai
|
Now at 1B: Bill Petipas
|
|
Now at SS: Jun Qing
|
|
Now in LF: Danny Shanahan
|
|
Now in RF: Vinnie Kalman
|
|
Batting: LHB Joe Blackwood
|
0-0: Called Strike 0-1: Ground out 4-3 (Groundball, 4D, EV 108.8 MPH)
|
Pinch Hitting: RHB Danny Rosario
|
0-0: Ball 1-0: Ball 2-0: Called Strike 2-1: Swinging Strike 2-2: Ground out 3-1 (Groundball, 13, EV 93.1 MPH)
|
Batting: LHB Matt Barkley
|
0-0: Ball 1-0: Ball 2-0: Fly out, F7 (Flyball, 78M, EV 87.5 MPH)
|
Bottom of the 6th over - 0 runs, 0 hits, 0 errors, 0 left on base; Mississippi State University 0 - University of Alabama 0 |
TOP OF THE 7TH |
Mississippi State University Bulldogs batting - Pitching for University of Alabama Crimson Tide : RHP Dave Bellah
|
Now at C: Eric Briseno
|
|
Now at 3B: Mike Bidwell
|
|
Batting: RHB Alexis Gallegos
|
0-0: Ball 1-0: Called Strike 1-1: Foul Ball, location: 2F 1-2: Fly out, F7 (Flyball, 78M, EV 83.8 MPH)
|
Pinch Hitting: RHB Josh Stene
|
0-0: Hit by Pitch
|
Batting: RHB Oscar Vargas
|
0-0: Ball 1-0: Ball 2-0: Foul Ball, location: 2F 2-1: Ball 3-1: Called Strike 3-2: Foul Ball, location: 2F 3-2: Base on Balls Josh Stene to second
|
Batting: LHB Vinnie Kalman
|
0-0: Ball 1-0: Ball 2-0: Ball Passed Ball! Josh Stene to third Oscar Vargas to second 3-0: Called Strike 3-1: SINGLE (Groundball, 34, EV 103.1 MPH) (infield hit) Josh Stene scores Oscar Vargas to third
|
Pitching: RHP Danny Jaramillo
|
|
Batting: RHB Eric Riley
|
0-0: Ball Squeeze bunt is on, Oscar Vargas is out 1-1: Called Strike 1-2: SINGLE (Flyball, 8RS, EV 85.6 MPH) Vinnie Kalman to second
|
Pinch Hitting: LHB Tom Ploughman
|
0-0: Called Strike 0-1: Swinging Strike 0-2: Ball 1-2: Foul Ball, location: 2F 1-2: Ground out 4-3 (Groundball, 4, EV 81.2 MPH)
|
Top of the 7th over - 1 run, 2 hits, 0 errors, 2 left on base; Mississippi State University 1 - University of Alabama 0 |
BOTTOM OF THE 7TH |
University of Alabama Crimson Tide batting - Pitching for Mississippi State University Bulldogs : RHP Sa'ng Dai
|
Pitching: RHP Salvatore Caraballo
|
|
Now at 3B: Josh Stene
|
|
Now in CF: Tom Ploughman
|
|
Pinch Hitting: LHB Dallas Shaw
|
0-0: Called Strike 0-1: Ground out 6-3 (Groundball, 56, EV 103.8 MPH)
|
Batting: LHB Platon Protopsaltis
|
0-0: Fly out, F8 (Flyball, 8RM, EV 89.4 MPH)
|
Pinch Hitting: LHB Brian Van
|
0-0: Ball 1-0: Ball 2-0: Called Strike 2-1: Swinging Strike 2-2: Ball 3-2: SINGLE (Line Drive, 8RM, EV 102.5 MPH)
|
Batting: SHB Mike Bidwell
|
0-0: Ball 1-0: Called Strike 1-1: Ball Brian Van is caught stealing 2nd base 2-6
|
Bottom of the 7th over - 0 runs, 1 hit, 0 errors, 0 left on base; Mississippi State University 1 - University of Alabama 0 |
TOP OF THE 8TH |
Mississippi State University Bulldogs batting - Pitching for University of Alabama Crimson Tide : RHP Danny Jaramillo
|
Pitching: RHP Ken McGee
|
|
Now at 2B: Rodrik Gardner
|
|
Now in LF: Brian Van
|
|
Batting: RHB Jun Qing
|
0-0: Called Strike 0-1: Swinging Strike 0-2: Ball 1-2: Strikes out swinging
|
Batting: LHB Danny Shanahan
|
0-0: Ball 1-0: Called Strike 1-1: Foul Ball, location: 2F 1-2: Ball 2-2: Ball 3-2: Base on Balls
|
Batting: RHB Bill Petipas
|
0-0: Ball 1-0: Ball 2-0: Fly out, F3 (Popup, 3, EV 81.2 MPH)
|
Batting: RHB Alexis Gallegos
|
0-0: Ball 1-0: Called Strike 1-1: Ball 2-1: Ball 3-1: SINGLE (Groundball, 6M, EV 109.4 MPH) (infield hit) Danny Shanahan to second
|
Batting: RHB Josh Stene
|
0-0: Ball 1-0: Called Strike 1-1: Fly out, F8 (Flyball, 78M, EV 73.1 MPH)
|
Top of the 8th over - 0 runs, 1 hit, 0 errors, 2 left on base; Mississippi State University 1 - University of Alabama 0 |
BOTTOM OF THE 8TH |
University of Alabama Crimson Tide batting - Pitching for Mississippi State University Bulldogs : RHP Salvatore Caraballo
|
Pitching: RHP Antonio Ramirez
|
|
Pinch Hitting: LHB Eddie Corona
|
0-0: Foul Ball, location: 2F 0-1: Swinging Strike 0-2: Strikes out swinging
|
Pinch Hitting: RHB Onorato Zacagnini
|
0-0: Swinging Strike 0-1: Called Strike 0-2: Ball 1-2: Foul Ball, location: 2F 1-2: Strikes out swinging
|
Pinch Hitting: RHB John Hicken
|
0-0: Foul Ball, location: 2F 0-1: Swinging Strike 0-2: Ball 1-2: Ball 2-2: Foul Ball, location: 2F 2-2: Foul Ball, location: 2F 2-2: Strikes out swinging
|
Bottom of the 8th over - 0 runs, 0 hits, 0 errors, 0 left on base; Mississippi State University 1 - University of Alabama 0 |
TOP OF THE 9TH |
Mississippi State University Bulldogs batting - Pitching for University of Alabama Crimson Tide : RHP Ken McGee
|
Pitching: RHP Matilde Tudela
|
|
Now at 1B: Onorato Zacagnini
|
|
Now at 3B: Fernando Reyes
|
|
Now in RF: John Hicken
|
|
Pinch Hitting: RHB Chris Everett
|
0-0: Called Strike 0-1: Ball 1-1: Called Strike 1-2: Strikes out looking
|
Batting: LHB Vinnie Kalman
|
0-0: Ball 1-0: Ball 2-0: Ball 3-0: Called Strike 3-1: Base on Balls
|
Batting: RHB Eric Riley
|
0-0: Called Strike 0-1: Ball 1-1: Ball 2-1: Fly out, F9 (Flyball, 9, EV 91.9 MPH)
|
Batting: LHB Tom Ploughman
|
0-0: Swinging Strike 0-1: Swinging Strike 0-2: Ball 1-2: Strikes out looking
|
Top of the 9th over - 0 runs, 0 hits, 0 errors, 1 left on base; Mississippi State University 1 - University of Alabama 0 |
BOTTOM OF THE 9TH |
University of Alabama Crimson Tide batting - Pitching for Mississippi State University Bulldogs : RHP Antonio Ramirez
|
Pitching: RHP Esteban Vidal
|
|
Now at C: Josh Simmons
|
|
Batting: LHB Joe Blackwood
|
0-0: Swinging Strike 0-1: Ball 1-1: Foul Ball, location: 2F 1-2: Strikes out looking
|
Pinch Hitting: LHB Adam Antico
|
0-0: Ball 1-0: Fly out, F5 (Popup, 5L, EV 62.5 MPH)
|
Batting: LHB Matt Barkley
|
0-0: Ball 1-0: Called Strike 1-1: Foul Ball, location: 2F 1-2: Strikes out swinging
|
Bottom of the 9th over - 0 runs, 0 hits, 0 errors, 0 left on base; Mississippi State University 1 - University of Alabama 0 |
|